 Dungeon Crawl Stone Soup version 0.19-a0-970-g9a4211b (webtiles) character file.

2008 Azru the Basher (level 9, -2/97 HPs)
             Began as an Ogre Abyssal Knight on July 12, 2016.
             Was a Priest of Lugonu.
             Shot with an arrow by a centaur (11 damage)
             ... on level 7 of the Dungeon on July 13, 2016.
             The game lasted 00:30:15 (9619 turns).

Azru the Basher (Ogre Abyssal Knight)               Turns: 9619, Time: 00:30:16

Health: -2/97      AC:  4    Str: 19    XL:     9   Next: 22%
Magic:  14/14      EV: 10    Int: 14    God:    Lugonu [***...]
Gold:   271        SH:  0    Dex:  9    Spells: 0 memorised, 8 levels left

rFire  . . .     SeeInvis .     a - +1 mace
rCold  . . .     Gourm    .     b - +0 robe
rNeg   . . .     Faith    .     (no shield)
rPois  .         Spirit   .     (helmet restricted)
rElec  .         Dismiss  .     t - +0 cloak
rCorr  .         Reflect  .     (gloves unavailable)
SustAt .         Harm     .     (boots unavailable)
MR     .....                    (no amulet)
Stlth  +.........               A - ring of ice
                                f - ring of fire

@: very slightly contaminated, hasted, drained, very quick, not resistant to
hostile enchantments, very unstealthy
A: unfitting armour, tough skin 1
a: Depart the Abyss, Bend Space, Banish, Renounce Religion


You were on level 7 of the Dungeon.
You worshipped Lugonu.
Lugonu was most pleased with you.
You were not hungry.

You visited 1 branch of the dungeon, and saw 7 of its levels.
You visited the Abyss 1 time.

You collected 271 gold pieces.

Inventory:

Hand Weapons
 a - a +1 mace (weapon)
 w - a +0 morningstar
 F - a +0 giant spiked club
Armour
 b - a +0 robe (worn)
 t - a +0 cloak (worn)
Jewellery
 f - a ring of fire (left hand)
 A - a ring of ice (right hand)
Wands
 y - a wand of slowing (18/48)
Scrolls
 d - 2 scrolls of fog {unknown}
 h - 3 scrolls of teleportation
 i - 2 scrolls of recharging {unknown}
 j - 7 scrolls of remove curse
 l - a scroll of fear {unknown}
 m - 3 scrolls of enchant armour
 o - 2 scrolls of enchant weapon {unknown}
 v - a scroll of vulnerability {unknown}
 x - 2 scrolls of amnesia {unknown}
 z - a scroll of immolation {unknown}
 B - a scroll of magic mapping {unknown}
 D - 2 scrolls of random uselessness {unknown}
 E - a scroll of blinking {unknown}
 G - a scroll of identify
Potions
 e - a potion of mutation {unknown}
 g - 2 potions of curing
 k - 2 potions of might
 n - 2 potions of flight {unknown}
 p - a potion of heal wounds {unknown}
 q - 3 potions of brilliance
 r - a potion of haste
Books
 s - a book of Air

   Spells                             Type                      Level
   a - Shock                          Conjuration/Air              1
   b - Swiftness                      Charms/Air                   2
   c - Repel Missiles                 Charms/Air                   2
   d - Static Discharge               Conjuration/Air              3
   e - Lightning Bolt                 Conjuration/Air              5
Comestibles
 c - 5 bread rations
 u - a meat ration


   Skills:
 + Level 8.9(8.6) Fighting
 * Level 10.5(10.2) Maces & Flails
 - Level 3.0(2.7) Dodging
 + Level 6.7(6.4) Invocations


You had 8 spell levels left.
You didn't know any spells.

Dungeon Overview and Level Annotations

Branches:
Dungeon (7/15)             Temple (0/1) D:7

Altars:
Cheibriados
Fedhas
Nemelex Xobeh
Pakellas
Ru
Sif Muna
Trog
Vehumet

Annotations:
D:4 Sigmund; clown's ghost, amateur DsGl


Innate Abilities, Weirdness & Mutations

You are too large for most types of armour.
You have tough skin. (AC +1)


Message History

You see here an arrow.
You hit the centaur but do no damage. The centaur barely misses you.
The centaur hits you.
* * * LOW HITPOINT WARNING * * *
You hit the centaur but do no damage. The centaur hits you!
* * * LOW HITPOINT WARNING * * *
You hit the centaur.
The centaur is lightly wounded.
The centaur hits you.
* * * LOW HITPOINT WARNING * * *
The crimson imp spits at you. The centaur barely misses you.
You feel yourself speed up. The centaur hits you!
* * * LOW HITPOINT WARNING * * *
You are very lightly contaminated with residual magic.
Unknown command.
You feel better. The centaur barely misses you.
The crimson imp blinks!
The centaur wields an uncursed shortbow.
The centaur shoots an arrow.
The arrow hits you!
You die...

#...# #### ##### #.##§...##
#...# ###### ##.##§##### ##.##
..... #..##§§§§## ###.# ....##
##..#####§## #...# ....#
##...#§.≈#.## #...#
...###)#..#..##### #...# ..
..##.##..'._#§.## ##.## ..
#.###.#.##..#§.## #.# #.#####@#
##...#≈.##### #.######.#...#(#
##.######### #.......(...>§c#
#.# #.#####......(### #.#
#.#####.....<...# #.#
#......<........####.#
###.#####..............####
....#####..#....#######(..#####
##..............# #§.......


You could see a centaur.

Vanquished Creatures
  Pikel (D:5)
  A phantom (D:7)
  An ogre (D:5)
  A centaur (D:6)
  A big kobold (D:6)
  2 giant frogs
  A water moccasin zombie (D:7)
  5 wights
  3 electric eels (D:6)
  2 howler monkeys
  A crimson imp (D:5)
  A centaur zombie (D:6)
  2 jellies (D:6)
  2 hounds
  An iguana (D:4)
  2 orc wizards
  4 worker ants
  A hound skeleton (D:5)
  A howler monkey zombie (D:5)
  5 gnolls
  A howler monkey skeleton (D:7)
  11 adders
  A shadow imp (D:6)
  A worm (D:5)
  2 dart slugs (D:2)
  3 giant geckos
  9 orcs
  A ball python (D:1)
  8 bats
  4 giant cockroaches
  7 goblins
  5 hobgoblins
  6 quokkas
  2 giant newts
  A jackal zombie (D:7)
  13 kobolds
  A quokka skeleton (D:7)
  A quokka zombie (D:7)
  9 rats
124 creatures vanquished.

Vanquished Creatures (others)
  An orc wizard (D:5)
  A giant frog skeleton (D:5)
  An iguana (D:5)
  A worker ant zombie (D:5)
  2 gnolls (D:5)
  5 orcs (D:5)
  A giant newt (D:5)
  A plant (D:6)
13 creatures vanquished.

Grand Total: 137 creatures vanquished

Notes
Turn   | Place    | Note
-------+----------+-------------------------------------------
     0 | Abyss:1  | Azru the Ogre Abyssal Knight began the quest for the Orb.
     0 | Abyss:1  | Reached XP level 1. HP: 24/24 MP: 2/2
    38 | Abyss:1  | Noticed a giant orange brain
    46 | D:1      | Escaped the Abyss
   147 | D:1      | Reached * piety under Lugonu
   229 | D:1      | Reached XP level 2. HP: 24/32 MP: 3/3
   327 | D:1      | Upgraded the game from 0.19-a0-965-g50bf062 to 0.19-a0-970-g9a4211b
   446 | D:1      | Reached skill level 3 in Maces & Flails
   884 | D:2      | Found a bloodstained altar of Trog.
  1108 | D:2      | Reached XP level 3. HP: 37/40 MP: 4/4
  1687 | D:2      | Reached XP level 4. HP: 44/49 MP: 6/6
  1723 | D:2      | Reached ** piety under Lugonu
  1723 | D:2      | Reached skill level 4 in Maces & Flails
  2432 | D:3      | Reached skill level 5 in Fighting
  2901 | D:3      | Reached XP level 5. HP: 43/57 MP: 7/7
  3427 | D:4      | Found a snail-covered altar of Cheibriados.
  3552 | D:4      | Noticed Sigmund
  3722 | D:4      | Found a sacrificial altar of Ru.
  3739 | D:4      | Reached XP level 6. HP: 20/67 MP: 8/8
  4020 | D:4      | Reached skill level 5 in Maces & Flails
  4199 | D:4      | Found a deep blue altar of Sif Muna.
  4217 | D:4      | Noticed clown's ghost (amateur DsGl)
  4637 | D:5      | Entered Level 5 of the Dungeon
  4715 | D:5      | Noticed Pikel
  4715 | D:5      | Noticed a slave
  4715 | D:5      | Noticed a slave
  4715 | D:5      | Noticed a slave
  4716 | D:5      | Noticed a slave
  4741 | D:5      | Killed Pikel
  4741 | D:5      | Reached skill level 7 in Maces & Flails
  4741 | D:5      | Reached XP level 7. HP: 43/76 MP: 8/10
  4989 | D:6      | Reached skill level 5 in Invocations
  4989 | D:6      | Reached XP level 8. HP: 84/87 MP: 11/11
  5010 | D:6      | Reached *** piety under Lugonu
  5022 | D:6      | Reached skill level 8 in Maces & Flails
  5350 | D:5      | Found a radiant altar of Vehumet.
  5704 | D:5      | Found a blossoming altar of Fedhas.
  6851 | D:6      | Reached skill level 9 in Maces & Flails
  8390 | D:6      | Reached XP level 9. HP: 56/97 MP: 13/13
  8566 | D:6      | Reached skill level 10 in Maces & Flails
  8717 | D:7      | Found a staircase to the Ecumenical Temple.
  9085 | D:7      | Found a sparkling altar of Nemelex Xobeh.
  9283 | D:7      | Found an oddly glowing altar of Pakellas.
  9617 | D:7      | HP: 2/97 [centaur (7)]
  9619 | D:7      | Shot with an arrow by a centaur

Vault maps used:
D:1:      dpeg_arrival_rooms_a
D:2:      hex_tiny, trog_book
D:4:      overflow_temple_1_default, nicolae_ru_awakened_eye,
          nicolae_overflow_crystal_walls, minmay_liquid_box, uniq_grinder,
          uniq_sigmund
D:5:      vehumet_crystals, fedhas_altar_4, first_bread, minmay_misc_feat_x,
          uniq_pikel
D:6:      serial_bayou_lake_a
D:7:      gammafunk_pakellas_cloud_experiment, kennysheep_mini
Abyss:1:  hangedman_decor_riveting, hangedman_elemental_corridor

Skill      XL: |  1  2  3  4  5  6  7  8  9 |
---------------+----------------------------+-----
Maces & Flails | 3 4 7 9 10 | 10.5
Fighting       | 5 6 7 8 |  8.9
Invocations    | 3 4 5 6 |  6.7
Dodging        | 3 |  3.0

Action                   |  1- 3 |  4- 6 |  7- 9 || total
-------------------------+-------+-------+-------++-------
Melee: Mace              |   103 |   200 |   327 ||   630
Invok: Depart the Abyss  |     1 |       |       ||     1
  Use: Potion            |       |     5 |     3 ||     8
       Scroll            |       |       |     5 ||     5
  Eat: Chunk             |     2 |     9 |     5 ||    16
       Pizza             |       |       |     1 ||     1
       Bread ration      |       |       |     3 ||     3
Armor: Robe              |    28 |    50 |    53 ||   131
Dodge: Dodged            |    62 |   114 |   130 ||   306
